 Dungeon Crawl Stone Soup version 0.30-a0-830-gfe289a77b0 (webtiles) character file.

Game seed: 16033474720946763700

830 Rocko1345 the Cudgeller (level 7, -4/52 HPs)
             Began as a Demonspawn Wanderer on Feb 28, 2023.
             Was a Believer of Qazlal.
             Slain by an orc
             ... wielding a +0 mace
              (5 damage)
             ... on level 5 of the Dungeon.
             The game lasted 00:19:38 (4498 turns).

Rocko1345 the Cudgeller (Demonspawn Wanderer)       Turns: 4498, Time: 00:19:39

Health: -4/52      AC: 14    Str: 14    XL:     7   Next: 65%
Magic:  8/8        EV:  6    Int: 15    God:    Qazlal [**....]
Gold:   279        SH:  3    Dex: 11    Spells: 7/8 levels left

rFire   . . .      SeeInvis .    u - +1 flail
rCold   + . .      Faith    .    (no shield)
rNeg    . . .      Spirit   .    v - +0 chain mail
rPois   +          Reflect  .    (no helmet)
rElec   .          Harm     .    (no cloak)
rCorr   .          Rampage  .    m - +0 pair of gloves
Will    .....                    l - +0 pair of boots Stlth
                                 (no amulet)
HPRegen 0.28/turn                h - ring of protection from cold
MPRegen 0.11/turn                r - ring of poison resistance

@: no status effects
A: yellow scales 2, weakness stinger 2
a: Renounce Religion, Upheaval


You were on level 5 of the Dungeon.
You worshipped Qazlal.
Qazlal was pleased with you.
You visited 1 branch of the dungeon, and saw 5 of its levels.

You collected 279 gold pieces.

Inventory:

Hand Weapons
 a - a +1 club
 c - a +0 vampiric trident
 k - a +1 dagger of distortion
 u - a +1 flail (weapon)
 x - a +0 sling of freezing
Missiles
 j - 6 atropa-tipped darts
 p - 4 boomerangs (quivered)
 A - 5 poisoned darts
Armour
 d - a +0 robe
 i - a +0 ring mail
 l - a +0 pair of boots (worn)
 m - a +0 pair of gloves (worn)
 v - a +0 chain mail (worn)
 y - a +0 helmet
Jewellery
 h - a ring of protection from cold (left hand)
 r - a ring of poison resistance (right hand)
Wands
 e - a wand of light (1)
Scrolls
 s - a scroll of poison
Potions
 b - a potion of attraction
 f - 2 potions of cancellation
 g - 2 potions of degeneration
 o - a potion of might {unknown}
 t - a potion of flight
 w - 2 potions of brilliance


   Skills:
 + Level 3.1 Fighting
 * Level 4.5 Maces & Flails
 + Level 0.1 Throwing
 + Level 3.2 Armour
 + Level 2.0 Dodging
 + Level 1.0 Stealth
 + Level 1.3 Shields
 + Level 1.0 Spellcasting
 + Level 0.3 Conjurations
 * Level 3.6 Air Magic
 - Level 1.2 Invocations
 + Level 3.3 Evocations


You had 7 spell levels left.
You knew the following spells:

 Your Spells              Type           Power      Damage    Failure   Level
a - Shock                 Conj/Air       24%        1d4       95%         1

Your spell library contained the following spells:

 Spells                   Type           Power      Damage    Failure   Level
 Kindle Blastsparks       Fire/Tloc/Air  8%         2d10      100%        3


Dungeon Overview and Level Annotations

Branches:
Dungeon (5/15)
 Temple: D:4-7

Altars:
Qazlal


Innate Abilities, Weirdness & Mutations

You are mostly covered in yellow scales. (AC +3)
You have a tail ending in a sharp stinger.


Message History

The adder is severely wounded.
The adder bites you but does no damage. The orc priest hits you with a +0 club.
You hit the adder.
You kill the adder!
Qazlal accepts your kill. The orc hits you with a +0 mace.
The orc priest mumbles some strange prayers to Beogh against you.
Beogh smites you!
* * * LOW HITPOINT WARNING * * *
You barely miss the orc priest. The orc hits you but does no damage.
The adder bites you but does no damage.
The orc priest hits you but does no damage.
The orc barely misses you. x2
You hit the orc priest.
The orc priest is moderately wounded.
The adder barely misses you. You block the orc's attack.
The orc priest hits you but does no damage.
The orc hits you with a +0 hand axe.
* * * LOW HITPOINT WARNING * * *
You closely miss the orc priest. You tail-slap the orc priest.
The orc priest is heavily wounded.
The adder bites you but does no damage. The orc hits you but does no damage.
The adder bites you but does no damage. The orc priest hits you with a +0 club.
* * * LOW HITPOINT WARNING * * *
The orc hits you with a +0 hand axe.
* * * LOW HITPOINT WARNING * * *
You thump the orc priest!
You kill the orc priest!
Qazlal accepts your kill. The adder bites you but does no damage.
The orc closely misses you. The orc hits you but does no damage.
You closely miss the orc. The adder bites you.
* * * LOW HITPOINT WARNING * * *
The orc hits you with a +0 mace.
* * * LOW HITPOINT WARNING * * *
The orc hits you with a +0 hand axe.
* * * LOW HITPOINT WARNING * * *
The adder bites you but does no damage. The orc attacks as you move away!
The orc hits you with a +0 mace.
You die...

. #....#.....#....###.#
...#....##...........<.#
........##.............#
.............####....#.#
........###..#.........
.#........#............
. #.....)....###........
....#.S)................
......o@..##.#.#........
#.....o...##...#
#........## #.##
......!... ..
.#......#.# ..
#......### ..# ..##....#
.. ..[..#


You could see an adder and 2 orcs.

Vanquished Creatures
  A water moccasin (D:5)
  An ogre (D:4)
  A phantom (D:5)
  2 scorpions (D:5)
  A hound (D:4)
  An orc priest (D:5)
  An iguana (D:4)
  Natasha (thrice) (D:4)
  3 orc wizards
  Robin (D:4)
  10 adders
  An ufetubus (D:4)
  A dart slug (D:3)
  13 orcs
  2 ball pythons
  4 endoplasms
  4 giant cockroaches
  18 goblins
  9 hobgoblins
  2 jackals (D:1)
  6 kobolds
  4 quokkas
  7 bats
  3 frilled lizards
  3 rats (D:2)
102 creatures vanquished.

Vanquished Creatures (others)
  5 plants (D:2)
5 creatures vanquished.

Grand Total: 107 creatures vanquished

Notes
Turn   | Place    | Note
-------+----------+-------------------------------------------
     0 | D:1      | Rocko1345 the Demonspawn Wanderer began the quest for the
                  | Orb.
     0 | D:1      | Rocko1345 set off with the following items: a +0 club, a
                  | potion of attraction, a potion of lignification, a +0 robe,
                  | a wand of light (2); and the following spell memorised:
                  | Shock; and the following spells available to memorise:
                  | Kindle Blastsparks.
     0 | D:1      | Reached XP level 1. HP: 16/16 MP: 2/2
   362 | D:1      | Gained mutation: You have a small tail. [demonic ancestry]
   362 | D:1      | Reached XP level 2. HP: 9/22 MP: 3/3
  1014 | D:2      | Found a faded altar of an unknown god.
  1037 | D:2      | Prayed at the altar of an unknown god.
  1037 | D:2      | Became a worshipper of Qazlal Stormbringer
  1037 | D:2      | Reached * piety under Qazlal
  1153 | D:2      | Reached skill level 1 in Dodging
  1153 | D:2      | Reached XP level 3. HP: 15/28 MP: 4/4
  1155 | D:2      | Reached skill level 1 in Maces & Flails
  1155 | D:2      | Gained mutation: You are partially covered in yellow
                  | scales. (AC +2) [demonic ancestry]
  1155 | D:2      | Reached XP level 4. HP: 15/34 MP: 5/5
  1159 | D:2      | Reached skill level 1 in Armour
  2400 | D:3      | Reached XP level 5. HP: 39/39 MP: 6/6
  2541 | D:3      | Reached skill level 2 in Maces & Flails
  2545 | D:3      | Reached ** piety under Qazlal
  2799 | D:4      | Noticed Natasha
  2805 | D:4      | Killed Natasha
  3220 | D:4      | Gained mutation: You have a tail ending in a sharp stinger.
                  | [demonic ancestry]
  3220 | D:4      | Reached XP level 6. HP: 8/46 MP: 3/7
  3318 | D:4      | Noticed Natasha
  3330 | D:4      | Killed Natasha
  3331 | D:4      | Reached skill level 3 in Maces & Flails
  3459 | D:4      | Noticed Robin
  3500 | D:4      | Killed Robin
  3684 | D:4      | Noticed Natasha
  3696 | D:4      | Killed Natasha
  4188 | D:5      | Entered Level 5 of the Dungeon
  4205 | D:5      | Reached skill level 1 in Shields
  4205 | D:5      | Gained mutation: You are mostly covered in yellow scales.
                  | (AC +3) [demonic ancestry]
  4205 | D:5      | Reached XP level 7. HP: 42/51 MP: 8/8
  4306 | D:5      | Reached skill level 4 in Maces & Flails
  4497 | D:5      | HP: 1/52 [orc/+0 hand axe (2)]
  4498 | D:5      | Slain by an orc

Illustrated notes

Levels and vault maps discovered:
D:1:      nicolae_arrival_washed_ashore, layout_loops_ring
D:2:      kennysheep_six_static_rooms, layout_basic,
          ebering_ecumenical_altar_mist, serial_bayou_crossing
D:3:      layout_rooms
D:4:      layout_basic, hangedman_decor_clover_reticule, st_stairs_12,
          uniq_natasha, uniq_robin
D:5:      layout_cave_pools

Skill      XL: |  1  2  3  4  5  6  7 |
---------------+----------------------+-----
Dodging        | 1 2 |  2.0
Maces & Flails | 1 2 3 4 |  4.5
Air Magic      | 2 3 |  3.6
Armour         | 1 2 3 |  3.2
Shields        | 1 |  1.3
Fighting       | 3 |  3.1
Throwing       | |  0.1
Stealth        | |  1.0
Spellcasting   | |  1.0
Conjurations   | |  0.3
Invocations    | |  1.2
Evocations     | |  3.3

Action                     |  1- 3 |  4- 6 |  7- 9 || total
---------------------------+-------+-------+-------++-------
  Melee: Club              |   114 |    99 |       ||   213
         Tailslap          |     3 |    37 |     5 ||    45
         Punch             |       |     1 |     2 ||     3
         Flail             |       |   161 |    53 ||   214
  Throw: Dart              |       |       |     6 ||     6
         Boomerang         |       |       |     1 ||     1
   Cast: Shock             |     3 |     5 |       ||     8
 Invoke: Upheaval          |       |     2 |     1 ||     3
  Evoke: Wand              |     1 |       |       ||     1
    Use: Scroll            |     5 |     2 |     6 ||    13
         Potion            |       |       |     2 ||     2
 Armour: Ring mail         |    27 |    77 |       ||   104
         Robe              |     8 |       |       ||     8
         Chain mail        |       |   138 |    60 ||   198
         Skin              |       |       |    30 ||    30
  Dodge: Dodged            |    87 |   144 |    33 ||   264
  Block: Other             |     1 |    36 |     9 ||    46

Table legend: (Time is in decaauts)
 A = Elapsed time spent in this place.
 B = Non-inter-level travel time spent in this place.
 C = Inter-level travel time spent in this place.
 D = Time resting spent in this place.
 E = Time spent auto-exploring this place.
 F = Levels seen in this place.
 G = Mean time per level.
                   A        B        C        D        E       F      G
               +--------+--------+--------+--------+--------+-----+--------+
         Total |   4616 |   4568 |     48 |    822 |   1974 |   5 |  923.2 |
       Dungeon |   4616 |   4568 |     48 |    822 |   1974 |   5 |  923.2 |
               +--------+--------+--------+--------+--------+-----+--------+

Top non-repeatable levels by time:
     D:4: 1441 daAuts
     D:2: 1306 daAuts
     D:1: 992 daAuts
     D:3: 552 daAuts
     D:5: 322 daAuts
